 Dungeon Sprint DCSS version 0.28.0-53-g5a82cb258f (webtiles) character file.

Game seed: 16176730231613655512

25 Plasmagod the Covered (level 2, -17/29 HPs)
             Began as a Minotaur Fighter on July 15, 2022.
             Demolished by an ogre
             ... wielding a +0 giant club
              (27 damage)
             ... in the Dungeon (Sprint I: "Red Sonja").
             The game lasted 00:00:30 (18 turns).

Plasmagod the Covered (Minotaur Fighter)              Turns: 18, Time: 00:00:30

Health: -17/29     AC:  7    Str: 20    XL:     2   Next: 82%
Magic:  1/1        EV:  9    Int:  5    God:
Gold:   0          SH:  4    Dex:  9    Spells: 1/1 levels left

rFire   . . .      SeeInvis .   a - +0 war axe
rCold   . . .      Faith    .   c - +0 buckler
rNeg    . . .      Spirit   .   b - +0 scale mail
rPois   .          Reflect  .   (helmet restricted)
rElec   .          Harm     .   (no cloak)
rCorr   .          Rampage  .   (no gloves)
Will    .....      NoTele   +   (no boots)
Stlth   ..........              (no amulet)
HPRegen 0.09/turn               (no ring)
MPRegen 0.07/turn               (no ring)

@: hasted, very quick
A: horns 2, retaliatory headbutt
a: no special abilities


You were in the Dungeon.
You visited 1 branch

Inventory:

Hand Weapons
 a - a +0 war axe (weapon)
Armour
 b - a +0 scale mail (worn)
 c - a +0 buckler (worn)
Wands
 g - a wand of flame (3)
Scrolls
 j - a scroll of blinking
Potions
 d - a potion of might
 e - a potion of curing
 f - a potion of heal wounds
 h - 2 potions of magic
 i - a potion of berserk rage


   Skills:
 + Level 5.1 Fighting
 + Level 3.4 Axes
 + Level 5.2 Armour
 + Level 5.1 Shields


You had one spell level left.
You didn't know any spells.
Your spell library was empty.

Dungeon Overview and Level Annotations

Branches:
Dungeon (1/1)

Altars:


Innate Abilities, Weirdness & Mutations

You have a pair of horns on your head.
You reflexively headbutt those who attack you in melee.


Message History

Ijyb is lightly wounded.
Ijyb hits you with a +0 dagger.
You are too injured to fight recklessly!
You hit Ijyb.
Ijyb is moderately wounded.
Ijyb hits you but does no damage.
You slash Ijyb! You headbutt Ijyb, but do no damage.
Ijyb is almost dead.
Ijyb barely misses you. You furiously retaliate!
You headbutt Ijyb, but do no damage. You hit Ijyb but do no damage.
Your headbutt misses Ijyb.
Ijyb is almost dead.
Ijyb hits you with a +0 dagger.
You hit Ijyb.
You kill Ijyb!
Your Fighting skill gained 2 levels and is now at level 5!
Your Axes skill increases to level 3!
Your Armour skill gained 2 levels and is now at level 5!
Your Shields skill gained 2 levels and is now at level 5!
You have reached level 2!
g - a wand of flame (5)
Things that are here:
a +0 dagger; a +0 ring mail; the goblin corpse of Ijyb
Okay, then.
You open the door.
An ogre comes into view. It is wielding a +0 giant club.
Aiming: Throw Flame
Press: ? - help, Shift-Dir - straight line, f - ogre
Aim: an ogre, wielding a +0 giant club (85% to hit)
The puff of flame misses the ogre.
Aiming: Throw Flame
Press: ? - help, Shift-Dir - straight line, f/p - ogre
Aim: an ogre, wielding a +0 giant club (85% to hit)
The puff of flame hits the ogre!
The ogre is moderately wounded.
You hit the ogre but do no damage.
The ogre is moderately wounded.
The ogre hits you with a +0 giant club!!
Ouch! That really hurt!
You die...

##########
#<.#.@O..#
#..'..#..+
#..#### +#
#..# #..#
#..# #⌠⌠#
####


You could see an ogre.

Vanquished Creatures
  Ijyb (D)
1 creature vanquished.

Notes
Turn   | Place    | Note
-------+----------+-------------------------------------------
     0 | D        | Plasmagod the Minotaur Fighter began the quest for the Orb.
     0 | D        | Reached XP level 1. HP: 19/19 MP: 0/0
     2 | D        | Noticed Ijyb
    11 | D        | Killed Ijyb
    12 | D        | Reached skill level 5 in Fighting
    12 | D        | Reached skill level 5 in Armour
    12 | D        | Reached skill level 5 in Shields
    12 | D        | Reached XP level 2. HP: 10/29 MP: 1/1
    15 | D        | Noticed an ogre
    18 | D        | Demolished by an ogre

Illustrated notes

Levels and vault maps discovered:
D:        dungeon_sprint_1 [red_sonja_temple_1, red_sonja_temple_small_1]

Skill      XL: |  1 |
---------------+----+-----
Fighting       | 5 |  5.1
Axes           | 3 |  3.4
Armour         | 5 |  5.2
Shields        | 5 |  5.1

Action                   || total
-------------------------++-------
Melee: War axe           ||     8
       Headbutt          ||     2
Evoke: Wand              ||     2
  Use: Potion            ||     1
Armor: Scale mail        ||     1
Dodge: Dodged            ||     2
Block: Buckler           ||     1
